 Dungeon Crawl Stone Soup version 0.20.0-8-g6b59dc7 (webtiles) character file.

155 straycat the Sneak (level 5, -1/38 HPs)
             Began as a Vampire Assassin on June 1, 2017.
             Killed from afar by herpmino's ghost (6 damage)
             ... with a magic dart
             ... on level 3 of the Dungeon.
             The game lasted 00:11:39 (3568 turns).

straycat the Sneak (Vampire Assassin)               Turns: 3568, Time: 00:11:39

Health: -1/38      AC:  5    Str: 11    XL:     5   Next: 14%
Magic:  5/5        EV: 13    Int: 14    God:
Gold:   127        SH:  0    Dex: 15    Spells: 4/4 levels left

rFire    . . .     SeeInvis +   a - +2 dagger
rCold    . . .     Gourm    .   (no shield)
rNeg     + . .     Faith    .   c - +0 robe
rPois    .         Spirit   .   r - +0 helmet
rElec    .         Reflect  .   d - +0 cloak
rCorr    .         Harm     .   n - +0 pair of gloves
MR       .....                  (no boots)
Stlth    ++++......             (no amulet)
Regen    0.2/turn               (no ring)
MPRegen  0.1/turn               (no ring)

@: no status effects
A: fangs 3, see invisible, unbreathing
a: Bat Form


You were on level 3 of the Dungeon.
You were not thirsty.

You visited 1 branch of the dungeon, and saw 3 of its levels.

You collected 127 gold pieces.

Inventory:

Hand Weapons
 a - a +2 dagger (weapon)
 b - a +0 blowgun
 j - a +0 spear
 q - a +1 hunting sling of flaming
 v - a +2 flail of crushing
 y - a +0 falchion
Missiles
 e - 22 poisoned needles
 h - 40 arrows
 i - 15 bolts
 l - 60 stones (quivered)
 p - 54 sling bullets
 x - 2 curare-tipped needles
Armour
 c - a +0 robe (worn)
 d - a +0 cloak (worn)
 n - a +0 pair of gloves (worn)
 r - a +0 helmet (worn)
 u - a +0 ring mail
 w - a +0 scale mail
Jewellery
 A - an uncursed ring of resist corrosion {unknown}
Wands
 C - a wand of iceblast (6/15)
Scrolls
 k - 2 scrolls of remove curse {unknown}
 m - 4 scrolls of identify {unknown}
 o - a scroll of magic mapping {unknown}
 s - a scroll of amnesia {unknown}
 t - 2 scrolls of teleportation {unknown}
Potions
 f - a potion of agility {unknown}
 g - 12 potions of blood
 z - a potion of invisibility {unknown}
 B - a potion of heal wounds {unknown}


   Skills:
 + Level 2.1 Fighting
 * Level 3.7 Short Blades
 - Level 1.5 Throwing
 * Level 3.2 Dodging
 * Level 7.0 Stealth


You had 4 spell levels left.
You didn't know any spells.

Dungeon Overview and Level Annotations

Branches:
Dungeon (3/15)

Altars:
Fedhas
Qazlal

Annotations:
D:3 herpmino's ghost, amateur HuWn


Innate Abilities, Weirdness & Mutations

You have razor-sharp teeth.
You have supernaturally acute eyesight. (SInv)
You can survive without breathing.


Message History

Herpmino's ghost is lightly damaged.
You hit herpmino's ghost.
Herpmino's ghost is lightly damaged.
Herpmino's ghost hits you but does no damage.
You hit herpmino's ghost. You bite herpmino's ghost.
Herpmino's ghost is moderately damaged.
Herpmino's ghost hits you.
You hit herpmino's ghost.
Herpmino's ghost is moderately damaged.
Herpmino's ghost misses you.
Herpmino's ghost gestures at you while chanting.
The magic dart hits you!
You see here a dagger.
Herpmino's ghost gestures at you while chanting.
The magic dart hits you!
* * * LOW HITPOINT WARNING * * *
Herpmino's ghost says, "They'll have to sweep you off the floor after I'm finished with you!"
Herpmino's ghost casts a spell at you. The magic dart hits you!
You die...

#.......#. ..#
#........# ..#
#........# ... #
#.....#..##.##.###
##.......[..).....#
#.....<#.....#
#<#....#..<###
#.#....#..##
#.#....)@..#
##.####.#.#..#
##..####.).##.#
.......#...# ...
..)....W...# ##.#
........##....# .#
.......(. #..#.# #
#.......(. ##.#.#
....... #.# #


You could see herpmino's ghost.

Vanquished Creatures
  Terence (D:2)
  3 gnolls
  4 adders (D:2)
  A worm (D:2)
  2 dart slugs (D:1)
  4 leopard geckos
  7 bats
  A giant cockroach (D:1)
  6 goblins
  4 hobgoblins
  7 jackals
  5 kobolds
  A quokka (D:2)
  8 frilled lizards (D:1)
  5 rats
59 creatures vanquished.

Notes
Turn   | Place    | Note
-------+----------+-------------------------------------------
     0 | D:1      | straycat the Vampire Assassin began the quest for the Orb.
     0 | D:1      | Reached XP level 1. HP: 16/16 MP: 1/1
    96 | D:1      | Reached skill level 6 in Stealth
   101 | D:1      | Reached XP level 2. HP: 5/22 MP: 2/2
   711 | D:1      | Reached XP level 3. HP: 24/27 MP: 3/3
  1090 | D:2      | HP: 1/27 [gnoll/flail (11)]
  1606 | D:2      | Reached XP level 4. HP: 33/33 MP: 4/4
  1718 | D:2      | Found a stormy altar of Qazlal.
  1756 | D:2      | Noticed Terence
  1774 | D:2      | Killed Terence
  2366 | D:2      | Found a blossoming altar of Fedhas.
  3045 | D:3      | Reached XP level 5. HP: 38/38 MP: 5/5
  3053 | D:3      | Reached skill level 7 in Stealth
  3101 | D:3      | Noticed herpmino's ghost (amateur HuWn)
  3568 | D:3      | Killed from afar by herpmino's ghost

Skill      XL: |  1  2  3  4  5 |
---------------+----------------+-----
Stealth        | 6 7 |  7.0
Dodging        | 2 3 |  3.2
Fighting       | 2 |  2.1
Short Blades   | 3 |  3.7
Throwing       | |  1.5

Action                   |  1- 3 |  4- 6 || total
-------------------------+-------+-------++-------
Melee: Dagger            |    85 |    86 ||   171
       Bite              |     4 |     7 ||    11
       Flail             |       |     9 ||     9
 Fire: Blowgun           |     6 |     8 ||    14
  Use: Potion            |     3 |     5 ||     8
 Stab: Sleeping          |    10 |     6 ||    16
  Eat: Corpse            |       |     1 ||     1
Armor: Robe              |    22 |    20 ||    42
Dodge: Dodged            |    46 |    51 ||    97
